 Dungeon Crawl Stone Soup version 0.31-a0-925-g0a390f2509 (webtiles) character file.

Game seed: 18004187726306803845

829 subawu the Ruffian (level 7, 0/118 HPs)
             Began as a Gnoll Shapeshifter on Oct 16, 2023.
             Slain by an orc wizard
             ... wielding a +0 dagger
              (1 damage)
             ... on level 5 of the Dungeon on Oct 18, 2023.
             The game lasted 00:11:44 (3721 turns).

subawu the Ruffian (Gnoll Shapeshifter)             Turns: 3721, Time: 00:11:45

Health: 0/118      AC: 23    Str: 15    XL:     7   Next: 97%
Magic:  10/11      EV:  2    Int:  9    God:
Gold:   153        SH:  0    Dex: 12    Spells: 11/11 levels left

rFire   . .          .
                       - Unarmed
rCold   . . .        (no shield)
rNeg    . . .        n - melded +0 ring mail
rPois   +            (helmet currently unavailable)
rElec   .            (cloak currently unavailable)
rCorr   .            (gloves currently unavailable)
SInv    .            (boots currently unavailable)
Will    .....        (no amulet) Stlth
                     (no ring)
HPRegen 0.39/turn    (no ring)
MPRegen 0.12/turn

%: no passive effects
@: brilliant, berserking (expiring), tree-form (expiring), very quick
A: stationary, stasis, torment immunity, boosted hp, (fangs 1), strong nose,
distributed training, mutation resistance 1, wild magic 1
a: no special abilities


You were on level 5 of the Dungeon.
You were a tree.
You visited 1 branch of the dungeon, and saw 5 of its levels.

You collected 153 gold pieces.

Inventory:

Hand Weapons
 t - the +7 sling of Harmony {drain, rC+ Dex+4}
   (You found it on level 4 of the Dungeon)

   Dex+4:     It affects your dexterity (+4).
   rC+:       It protects you from cold.
Missiles
 s - 6 poisoned darts
Armour
 a - a +0 animal skin
 i - a +0 leather armour
 n - a +0 ring mail (melded)
Jewellery
 j - a ring of fire
 r - a ring of willpower
 w - a ring of wizardry
Talismans
 c - a beast talisman
 d - a flux talisman
Wands
 u - a wand of flame (26)
Scrolls
 e - a scroll of fear {unknown}
 f - 2 scrolls of enchant weapon {unknown}
 k - a scroll of teleportation {unknown}
 l - a scroll of blinking {unknown}
 m - 2 scrolls of fog {unknown}
 p - 2 scrolls of vulnerability {unknown}
 q - 4 scrolls of identify {unknown}
 v - 2 scrolls of immolation {unknown}
Potions
 g - a potion of curing
 h - 2 potions of mutation


   Skills:
 + Level 3.9 Fighting
 + Level 2.9 Short Blades
 + Level 2.9 Long Blades
 + Level 2.9 Axes
 + Level 2.9 Maces & Flails
 + Level 2.9 Polearms
 + Level 2.9 Staves
 + Level 2.9 Ranged Weapons
 + Level 2.9 Throwing
 + Level 2.9 Armour
 + Level 5.4 Dodging
 + Level 2.9 Stealth
 + Level 2.9 Shields
 + Level 7.2 Unarmed Combat
 + Level 2.9 Spellcasting
 + Level 2.3 Conjurations
 + Level 2.3 Hexes
 + Level 2.3 Summonings
 + Level 2.3 Necromancy
 + Level 2.3 Translocations
 + Level 2.3 Transmutations
 + Level 2.3 Fire Magic
 + Level 2.3 Ice Magic
 + Level 2.3 Air Magic
 + Level 2.3 Earth Magic
 + Level 2.3 Poison Magic
 + Level 3.2 Invocations
 + Level 2.9 Evocations
 + Level 7.1 Shapeshifting


You had 11 spell levels left.
You didn't know any spells.
Your spell library contained the following spells:

 Spells                   Type           Power      Damage    Failure   Level
 Ozocubu's Armour         Ice            10%        N/A       43%         3
 Ozocubu's Refrigeration  Ice            5%         4d8       100%        7


Dungeon Overview and Level Annotations

Branches:
Dungeon (5/15)
 Temple: D:4-7

Altars:
Nemelex Xobeh
Ru
Trog


Innate Abilities, Weirdness & Mutations

You are a tree.
Your roots penetrate the ground, keeping you stationary.
You cannot be teleported.
You are immune to unholy pain and torment.
Your maximum health is greatly increased.
Your equipment is partially melded.
((You have very sharp teeth.))
Your uncanny sense of smell can sniff out nearby items.
Your experience applies equally to all skills.
You are somewhat resistant to further mutation.
Your spells are a little harder to cast, but a little more powerful.


Message History

The hound bites you but does no damage. The phantom completely misses you.
The orc priest hits you with a +0 hand axe.
* * * LOW HITPOINT WARNING * * *
The sleepcap releases spores at you but does no damage.
You smack the sleepcap!
You destroy the sleepcap!
The hound bites you but does no damage.
Your Invocations skill increases to level 3!
You closely miss the orc priest.
The orc priest is almost dead.
The phantom hits you but does no damage.
The orc priest barely misses you. The hound bites you but does no damage.
You pummel the orc priest!!
You kill the orc priest!
The phantom hits you but does no damage.
The hound bites you.
* * * LOW HITPOINT WARNING * * *
You pummel the orc!!
You kill the orc!
You cannot move.
You pummel the phantom!!
The phantom is severely damaged.
The hound bites you but does no damage.
The phantom hits you but does no damage.
You smack the phantom!
You destroy the phantom!
The hound bites you but does no damage.
You cannot move.
You pummel the hound!!
You kill the hound!
You cannot move.
You barely miss the orc wizard.
The orc wizard hits you with a +0 dagger.
* * * LOW HITPOINT WARNING * * *
You smack the orc wizard!
The orc wizard is heavily wounded.
You barely miss the orc wizard.
The orc wizard is heavily wounded.
The orc wizard hits you with a +0 dagger.
You die...

##...$..# ...?......
..........# ..........#
# .........$## #..
........... .... .#.
........o)##.....
..?.#......#.#♣)......
....... #....###....
.......####..### .
#.....#.....#
#.....#.###.#
##.......###†#
.............##
........####..#########
...........#..........#


You could see an orc wizard.

Vanquished Creatures
  An ogre (D:4)
  The ghost of Ofeo the Vexing, an amateur BaHs (D:3)
  A phantom (D:5)
  A bullfrog (D:5)
  Blork the orc (D:4)
  2 scorpions
  An orc priest (D:5)
  A hound (D:5)
  A sleepcap (D:5)
  2 iguanas (D:5)
  2 orc wizards
  3 gnolls (D:5)
  5 adders
  2 worms
  4 dart slugs
  4 orcs
  5 ball pythons
  3 endoplasms
  4 giant cockroaches
  A goblin (D:1)
  9 hobgoblins
  3 jackals (D:1)
  5 quokkas
  13 bats
  5 frilled lizards
  4 kobolds
  3 rats
87 creatures vanquished.

Vanquished Creatures (others)
  An orc (D:3)
1 creature vanquished.

Grand Total: 88 creatures vanquished

Notes
Turn   | Place    | Note
-------+----------+-------------------------------------------
     0 | D:1      | subawu the Gnoll Shapeshifter began the quest for the Orb.
     0 | D:1      | Reached XP level 1. HP: 17/17 MP: 1/1
    28 | D:1      | Reached XP level 2. HP: 8/23 MP: 2/2
   286 | D:1      | Reached XP level 3. HP: 21/28 MP: 3/3
   757 | D:1      | Reached skill level 1 in Invocations
   969 | D:2      | Reached skill level 1 in Short Blades
   969 | D:2      | Reached skill level 1 in Long Blades
   969 | D:2      | Reached skill level 1 in Axes
   969 | D:2      | Reached skill level 1 in Maces & Flails
   969 | D:2      | Reached skill level 1 in Polearms
   969 | D:2      | Reached skill level 1 in Staves
   969 | D:2      | Reached skill level 1 in Ranged Weapons
   969 | D:2      | Reached skill level 1 in Throwing
   969 | D:2      | Reached skill level 1 in Armour
   969 | D:2      | Reached skill level 1 in Stealth
   969 | D:2      | Reached skill level 1 in Shields
   969 | D:2      | Reached skill level 1 in Spellcasting
   969 | D:2      | Reached skill level 1 in Evocations
  1130 | D:2      | Reached XP level 4. HP: 34/34 MP: 5/5
  1356 | D:2      | You fall into a shaft and drop 1 floor!
  1433 | D:3      | Reached skill level 1 in Conjurations
  1433 | D:3      | Reached skill level 1 in Hexes
  1433 | D:3      | Reached skill level 1 in Summonings
  1433 | D:3      | Reached skill level 1 in Necromancy
  1433 | D:3      | Reached skill level 1 in Translocations
  1433 | D:3      | Reached skill level 1 in Transmutations
  1433 | D:3      | Reached skill level 1 in Fire Magic
  1433 | D:3      | Reached skill level 1 in Ice Magic
  1433 | D:3      | Reached skill level 1 in Air Magic
  1433 | D:3      | Reached skill level 1 in Earth Magic
  1433 | D:3      | Reached skill level 1 in Poison Magic
  1433 | D:3      | Found a runed translucent door.
  1444 | D:3      | Noticed Ofeo's ghost (amateur BaHs)
  1582 | D:3      | Reached XP level 5. HP: 40/40 MP: 5/7
  1770 | D:3      | Upgraded the game from 0.31-a0-889-g1a8549509d to
                  | 0.31-a0-920-g28cbb04a8c
  1944 | D:3      | Found a faded altar of an unknown god.
  2028 | D:3      | Upgraded the game from 0.31-a0-920-g28cbb04a8c to
                  | 0.31-a0-925-g0a390f2509
  2270 | D:3      | Killed Ofeo's ghost
  2420 | D:4      | Found a sacrificial altar of Ru.
  2420 | D:4      | Found a sparkling altar of Nemelex Xobeh.
  2421 | D:4      | Found a bloodstained altar of Trog.
  2647 | D:4      | Identified the +7 sling of Harmony {drain, rC+ Dex+4}
  2710 | D:4      | Noticed an ogre
  2719 | D:4      | Killed an ogre
  2720 | D:4      | Reached skill level 5 in Dodging
  2720 | D:4      | Reached XP level 6. HP: 32/47 MP: 7/9
  2837 | D:4      | Noticed Blork the orc
  2849 | D:4      | Killed Blork the orc
  3294 | D:4      | Reached XP level 7. HP: 38/52 MP: 10/10
  3574 | D:5      | Entered Level 5 of the Dungeon
  3704 | D:5      | HP: 3/79 [orc priest/divine providence (12)]
  3705 | D:5      | HP: 1/79 [sleepcap (3)]
  3707 | D:5      | Gained mutation: Your spells are a little harder to cast,
                  | but a little more powerful. [potion of mutation]
  3707 | D:5      | Gained mutation: You are somewhat resistant to further
                  | mutation. [potion of mutation]
  3711 | D:5      | HP: 2/118 [orc priest/+0 hand axe (5)]
  3719 | D:5      | HP: 1/118 [orc wizard/+0 dagger (2)]
  3721 | D:5      | Slain by an orc wizard

Illustrated notes

Levels and vault maps discovered:
D:1:      heliophobic_arrival_ceremonial_halls, layout_basic
D:2:      layout_loops_cross
D:3:      layout_basic, ebering_ghost_reflecting_pool,
          shapermc_ecumenical_altar_hornbeckon
D:4:      layout_gridville, chequers_temple_overflow_statue_of_worship,
          hangedman_decor_diamond_cutter, uniq_blork_the_orc
D:5:      layout_rooms

Skill      XL: |  1  2  3  4  5  6  7 |
---------------+----------------------+-----
Invocations    | 1 2 3 |  3.2
Short Blades   | 1 2 |  2.9
Long Blades    | 1 2 |  2.9
Axes           | 1 2 |  2.9
Maces & Flails | 1 2 |  2.9
Polearms       | 1 2 |  2.9
Staves         | 1 2 |  2.9
Ranged Weapons | 1 2 |  2.9
Throwing       | 1 2 |  2.9
Armour         | 1 2 |  2.9
Stealth        | 1 2 |  2.9
Shields        | 1 2 |  2.9
Spellcasting   | 1 2 |  2.9
Evocations     | 1 2 |  2.9
Conjurations   | 1 2 |  2.3
Hexes          | 1 2 |  2.3
Summonings     | 1 2 |  2.3
Necromancy     | 1 2 |  2.3
Translocations | 1 2 |  2.3
Transmutations | 1 2 |  2.3
Fire Magic     | 1 2 |  2.3
Ice Magic      | 1 2 |  2.3
Air Magic      | 1 2 |  2.3
Earth Magic    | 1 2 |  2.3
Poison Magic   | 1 2 |  2.3
Fighting       | 3 |  3.9
Dodging        | 5 |  5.4
Unarmed Combat | 7 |  7.2
Shapeshifting  | 7 |  7.1

Action                     |  1- 3 |  4- 6 |  7- 9 || total
---------------------------+-------+-------+-------++-------
  Melee: Unarmed           |    72 |   105 |    40 ||   217
         Bite              |     5 |    12 |     3 ||    20
         Punch             |       |     5 |       ||     5
    Use: Potion            |       |       |     5 ||     5
 Armour: Animal skin       |    23 |       |       ||    23
         Leather armour    |    26 |    58 |       ||    84
         Ring mail         |       |    31 |     9 ||    40
         Skin              |       |       |    69 ||    69
  Dodge: Dodged            |    66 |   117 |    20 ||   203

Table legend: (Time is in decaauts)
 A = Elapsed time spent in this place.
 B = Non-inter-level travel time spent in this place.
 C = Inter-level travel time spent in this place.
 D = Time resting spent in this place.
 E = Time spent auto-exploring this place.
 F = Levels seen in this place.
 G = Mean time per level.
                   A        B        C        D        E       F      G
               +--------+--------+--------+--------+--------+-----+--------+
         Total |   3701 |   3459 |    242 |    191 |   2070 |   5 |  740.2 |
       Dungeon |   3701 |   3459 |    242 |    191 |   2070 |   5 |  740.2 |
               +--------+--------+--------+--------+--------+-----+--------+

Top non-repeatable levels by time:
     D:4: 1277 daAuts
     D:3: 940 daAuts
     D:1: 813 daAuts
     D:2: 532 daAuts
     D:5: 138 daAuts
